Map: Taito Citadel LE

Players

Midaraine - Winner!

  • Race: Protoss Protoss
  • Spawn Location: 11:00

VOD

Have the link to the VOD?

Description

Time

  • Played on: June 19, 2026, 1:53 p.m.
  • Length: 18:05
Show
View Real Time Build Order
Export as new Build Order

Midaraine Protoss - Winner!

Build Orders:  

Get SALT Encoding   

  12  0:01  Probe (Chrono Boost)  
  13  0:23  Pylon  
  13  0:30  Probe (Chrono Boost)  
  14  0:54  Probe (Chrono Boost)  
  15  1:00  Assimilator  
  15  1:05  Assimilator  
  16  1:11  Probe (Chrono Boost)  
  16  1:28  Probe (Chrono Boost)  
  17  1:45  Probe (Chrono Boost)  
  18  1:54  Pylon  
  19  2:01  Probe (Chrono Boost)  
  19  2:09  Gateway  
  19  2:13  Probe (Chrono Boost)  
  20  2:24  Probe (Chrono Boost)  
  21  2:41  Probe (Chrono Boost)  
  22  2:58  Probe (Chrono Boost)  
  23  3:09  Nexus  
  23  3:14  Pylon  
  23  3:15  Probe (Chrono Boost)  
  24  3:36  Cybernetics Core  
  24  3:46  Probe (Chrono Boost)  
  25  3:57  Probe (Chrono Boost)  
  26  4:29  Probe (Chrono Boost)  
  27  4:46  Probe (Chrono Boost)  
  28  5:03  Probe (Chrono Boost)  
  30  5:20  Probe (Chrono Boost)  
  30  5:24  Probe (Chrono Boost)  
  33  5:30  Stalker  
  33  5:37  Probe (Chrono Boost)  
  35  5:41  Probe (Chrono Boost)  
  35  5:54  Probe (Chrono Boost)  
  35  5:58  Probe (Chrono Boost)  
  37  6:02  Warp Gate  
  37  6:23  Probe x2 (Chrono Boost)  
  39  6:33  Assimilator  
  39  6:35  Assimilator  
  41  6:40  Probe x2 (Chrono Boost)  
  41  6:57  Probe x2 (Chrono Boost)  
  43  7:13  Pylon  
  43  7:23  Nexus  
  43  7:38  Stalker  
  45  7:48  Probe x2 (Chrono Boost)  
  47  8:05  Probe x2 (Chrono Boost)  
  49  8:24  Gateway  
  49  8:26  Gateway  
  49  8:29  Gateway  
  49  8:34  Zealot  
  51  9:06  Probe x2 (Chrono Boost)  
  53  9:23  Probe x2 (Chrono Boost)  
  55  9:36  Stalker  
  57  9:42  Zealot  
  57  9:44  Zealot  
  57  9:46  Zealot  
  63  9:56  Pylon  
  63  10:02  Pylon  
  63  10:20  Pylon  
  63  10:27  Assimilator  
  65  10:31  Probe x2 (Chrono Boost)  
  65  10:35  Probe (Chrono Boost)  
  65  10:37  Zealot  
  65  10:38  Zealot  
  65  10:39  Zealot  
  72  10:40  Zealot  
  72  10:46  Probe (Chrono Boost)  
  72  10:48  Probe x2 (Chrono Boost)  
  77  11:00  Assimilator  
  77  11:06  Zealot  
  77  11:07  Zealot  
  77  11:08  Zealot  
  77  11:09  Zealot  
  85  11:24  Probe x2 (Chrono Boost)  
  85  11:25  Probe (Chrono Boost)  
  88  11:39  Probe (Chrono Boost)  
  91  11:41  Probe x2 (Chrono Boost)  
  91  11:51  Zealot  
  93  12:09  Pylon  
  93  12:23  Pylon  
  93  12:25  Nexus  
  93  12:37  Probe x3 (Chrono Boost)  
  96  12:41  Zealot  
  96  12:42  Zealot  
  100  12:50  Zealot  
  102  13:19  Pylon  
  102  13:33  Pylon  
  102  13:44  Zealot x2  
  102  13:46  Zealot  
  102  13:47  Zealot, Forge  
  110  14:15  Zealot x2  
  110  14:16  Zealot  
  110  14:17  Zealot  
  118  14:59  Zealot  
  120  15:00  Zealot x2  
  120  15:01  Zealot  
  126  15:14  Protoss Ground Weapons Level 1  
  126  15:34  Probe x2 (Chrono Boost)  
  126  15:35  Probe (Chrono Boost)  
  126  15:36  Zealot x2  
  126  15:37  Zealot  
  126  15:38  Zealot  
  140  15:51  Probe x2 (Chrono Boost)  
  140  15:52  Probe (Chrono Boost)  
Tags
 
Add a new tag
Caveats
  • Supply blocks, unpowered buildings, or Contaminate may cause inaccurate times.
  • Supply counts are checked every 10 seconds.